Map: [ESL] Site Delta

Players

Spatz

  • Race: Protoss Protoss
  • Spawn Location: 11:00

Krystianer - Winner!

  • Race: Protoss Protoss
  • Spawn Location: 5:00

Event: ESL SC2 Masters 2023 Winter (Regional)

VOD

Have the link to the VOD?

Description

Time

  • Played on: Nov. 5, 2023, 9:11 a.m.
  • Length: 11:25

All games in this series

Show
View Real Time Build Order
Export as new Build Order

Spatz Protoss 

Build Orders: Blink Stalkers 

Get SALT Encoding   

  12  0:00  Probe  
  13  0:12  Probe  
  14  0:17  Pylon  
  14  0:24  Probe (Chrono Boost)  
  15  0:37  Gateway, Probe (Chrono Boost)  
  16  0:42  Probe (Chrono Boost)  
  16  0:46  Assimilator  
  17  0:52  Probe (Chrono Boost)  
  17  0:54  Assimilator  
  18  1:04  Probe (Chrono Boost)  
  19  1:08  Gateway  
  19  1:12  Probe (Chrono Boost)  
  19  1:18  Probe  
  20  1:23  Cybernetics Core  
  21  1:30  Probe  
  22  1:33  Pylon  
  22  1:42  Probe  
  23  1:54  Probe  
  23  1:59  Adept x2  
  28  2:01  Shield Battery  
  28  2:03  Warp Gate  
  28  2:08  Probe  
  29  2:14  Pylon  
  29  2:31  Sentry  
  29  2:32  Sentry  
  33  2:42  Nexus  
  32  2:54  Stalker  
  32  2:58  Stalker  
  36  3:09  Probe  
  36  3:12  Twilight Council  
  37  3:17  Shield Battery  
  37  3:21  Probe  
  37  3:25  Shield Battery  
  38  3:33  Probe  
  36  3:45  Probe  
  36  3:47  Blink (Chrono Boost)  
  37  3:55  Stalker x2  
  41  3:58  Probe x2  
  43  4:10  Probe x2  
  43  4:15  Robotics Facility  
  45  4:22  Probe  
  45  4:24  Stalker  
  45  4:26  Probe  
  48  4:34  Probe  
  48  4:38  Probe  
  42  4:46  Probe  
  42  4:50  Probe (Chrono Boost)  
  42  4:58  Probe (Chrono Boost)  
  42  5:02  Warp Prism (Chrono Boost), Probe (Chrono Boost)  
  45  5:09  Probe (Chrono Boost)  
  45  5:12  Probe (Chrono Boost)  
  47  5:15  Sentry x2  
  47  5:19  Probe  
  52  5:21  Probe  
  52  5:26  Pylon  
  53  5:31  Probe  
  54  5:44  Probe x2  
  54  5:47  Stalker  
  54  5:48  Stalker  
  60  5:56  Probe x2  
  61  6:10  Probe, Pylon  
  62  6:12  Nexus  
  62  6:24  Gateway  
  62  6:26  Gateway  
  62  6:32  Charge  
  62  6:34  Immortal  
  58  7:05  Gateway, Stalker x2  
  58  7:07  Gateway  
  62  7:09  Probe  
  62  7:10  Immortal (Chrono Boost)  
  62  7:14  Gateway  
  67  7:17  Probe  
  68  7:24  Probe  
  68  7:25  Probe  
  70  7:31  Zealot x3  
  70  7:35  Probe  
  77  7:37  Zealot  
  77  7:38  Probe  
  77  7:42  Pylon  
  84  7:44  Probe  
  84  7:50  Pylon  
  85  7:54  Probe  
  85  7:58  Observer (Chrono Boost)  
  80  8:01  Stalker x5  
  79  8:33  Zealot x4  
  88  8:41  Observer  
  88  8:48  Observer  
  80  9:04  Probe x2  
  72  9:12  Zealot x3  
  72  9:16  Pylon  
  78  9:18  Assimilator  
  78  9:19  Assimilator  
  78  9:20  Pylon  
  76  9:25  Probe  
  76  9:26  Probe  
  76  9:29  Zealot  
  76  9:37  Probe  
  77  9:38  Probe  
  77  9:43  Zealot x4  
  86  9:46  Zealot  
  86  9:49  Probe  
  72  10:13  Stalker x3  
  55  10:47  Probe  
  56  10:53  Warp Prism (Chrono Boost)  
  52  10:59  Probe x2 (Chrono Boost)  
  52  11:08  Sentry  
  54  11:14  Probe (Chrono Boost)  
  47  11:20  Sentry  
Show
View Real Time Build Order
Export as new Build Order

Krystianer Protoss - Winner!

Build Orders:  

Get SALT Encoding   

  12  0:00  Probe  
  13  0:12  Probe  
  14  0:16  Pylon  
  14  0:24  Probe (Chrono Boost)  
  16  0:36  Gateway, Probe (Chrono Boost)  
  16  0:43  Probe (Chrono Boost)  
  16  0:45  Assimilator  
  17  0:50  Probe  
  17  0:53  Assimilator  
  18  1:03  Probe (Chrono Boost)  
  19  1:07  Gateway  
  20  1:12  Probe (Chrono Boost)  
  20  1:17  Probe (Chrono Boost)  
  20  1:24  Cybernetics Core  
  21  1:29  Probe  
  22  1:37  Pylon  
  22  1:41  Probe  
  23  1:47  Pylon  
  23  1:58  Warp Gate (Chrono Boost)  
  23  2:05  Probe, Adept x2  
  28  2:11  Pylon  
  28  2:15  Shield Battery  
  28  2:17  Probe  
  29  2:29  Probe  
  30  2:35  Adept x2  
  33  2:51  Nexus  
  33  3:03  Shield Battery  
  33  3:05  Adept  
  33  3:09  Adept  
  37  3:13  Probe  
  38  3:21  Pylon  
  38  3:25  Shield Battery  
  38  3:29  Probe  
  39  3:41  Probe  
  38  3:42  Shield Battery  
  38  3:47  Adept x2  
  40  3:49  Robotics Facility  
  40  3:53  Probe (Chrono Boost)  
  42  4:03  Probe (Chrono Boost)  
  42  4:05  Probe (Chrono Boost)  
  42  4:07  Sentry  
  42  4:08  Sentry  
  48  4:12  Probe x2 (Chrono Boost)  
  49  4:17  Probe (Chrono Boost)  
  49  4:19  Probe  
  51  4:29  Probe  
  51  4:30  Stalker  
  51  4:31  Stalker  
  56  4:32  Probe  
  56  4:36  Shield Battery  
  52  4:41  Probe  
  52  4:43  Phoenix  
  52  4:44  Probe  
  47  4:51  Immortal (Chrono Boost)  
  50  4:53  Probe  
  50  4:56  Probe  
  52  5:02  Shield Battery  
  52  5:06  Twilight Council, Probe  
  53  5:10  Stalker x2  
  57  5:16  Pylon  
  57  5:19  Probe  
  58  5:23  Immortal (Chrono Boost)  
  62  5:34  Probe x2  
  64  5:38  Assimilator  
  64  5:46  Probe  
  64  5:47  Blink  
  65  5:52  Probe  
  65  5:53  Warp Prism (Chrono Boost), Shield Battery  
  66  5:59  Probe  
  66  6:01  Dark Shrine  
  65  6:06  Assimilator  
  65  6:08  Stalker  
  65  6:10  Pylon  
  67  6:14  Stalker  
  67  6:17  Probe  
  70  6:28  Immortal  
  74  6:34  Gateway  
  74  6:38  Stalker  
  76  6:52  Stalker  
  78  7:05  Pylon  
  78  7:06  Pylon  
  78  7:08  Gateway  
  78  7:11  Gateway  
  78  7:14  Pylon  
  78  7:23  Probe x2, Forge, Pylon  
  78  7:26  Observer (Chrono Boost)  
  81  7:33  Dark Templar x3  
  81  7:35  Pylon  
  87  7:51  Immortal  
  91  8:04  Nexus  
  91  8:06  Stalker x3  
  95  8:21  Stalker x2  
  97  8:45  Stalker x5  
  107  8:55  Protoss Ground Weapons Level 1  
  87  9:11  Stalker x5  
  87  9:15  Pylon  
  95  9:29  Charge  
  91  9:36  Stalker x4  
  99  9:38  Shield Battery  
  99  9:44  Stalker  
  101  9:59  Sentry x2, Stalker  
  107  10:00  Stalker  
  99  10:09  Pylon  
  99  10:11  Pylon  
  86  10:15  Stalker  
  86  10:17  Observer (Chrono Boost)  
  89  10:28  Sentry, Stalker x2  
  91  11:09  Stalker x3  
Tags
 
Add a new tag
Caveats
  • Supply blocks, unpowered buildings, or Contaminate may cause inaccurate times.
  • Supply counts are checked every 10 seconds.